Map: [ESL] Inside and Out

Players

NightMare

  • Race: Protoss Protoss
  • League: Master
  • Spawn Location: 1:00

llllllllllll (herO) - Winner!

  • Race: Protoss Protoss
  • League: Master
  • Spawn Location: 7:00

VOD

Have the link to the VOD?

Description

Time

  • Played on: Oct. 22, 2022, 7:05 a.m.
  • Length: 6:45
Show
View Real Time Build Order
Export as new Build Order

NightMare Protoss 

Build Orders: Oracle Opening, Blink Stalkers 

Get SALT Encoding   

  12  0:00  Probe  
  13  0:12  Probe  
  14  0:19  Pylon  
  14  0:24  Probe (Chrono Boost)  
  15  0:37  Gateway, Probe (Chrono Boost)  
  16  0:46  Probe (Chrono Boost), Assimilator  
  17  0:51  Probe  
  18  1:02  Assimilator  
  18  1:03  Probe (Chrono Boost)  
  19  1:07  Pylon  
  19  1:14  Probe (Chrono Boost)  
  20  1:19  Probe (Chrono Boost)  
  21  1:28  Cybernetics Core  
  21  1:30  Probe  
  22  1:35  Zealot  
  24  1:42  Probe  
  25  1:47  Pylon  
  24  1:54  Probe  
  25  2:06  Adept (Chrono Boost)  
  25  2:07  Stargate  
  27  2:15  Warp Gate  
  27  2:36  Nexus  
  30  2:54  Oracle  
  30  3:00  Pylon  
  30  3:02  Probe  
  30  3:03  Shield Battery  
  31  3:18  Twilight Council, Probe  
  32  3:21  Stalker  
  34  3:30  Probe  
  34  3:31  Oracle (Chrono Boost)  
  38  3:42  Probe  
  40  3:48  Probe  
  40  3:50  Blink (Chrono Boost)  
  40  3:54  Probe  
  41  4:00  Probe  
  42  4:06  Probe  
  43  4:10  Gateway  
  43  4:14  Probe, Gateway  
  44  4:18  Probe  
  44  4:23  Stalker  
  47  4:33  Probe x2  
  44  4:38  Gateway  
  44  4:42  Assimilator  
  44  4:45  Probe  
  44  4:46  Probe  
  44  4:47  Stalker  
  48  4:53  Pylon  
  48  4:58  Probe x2  
  50  5:04  Oracle  
  53  5:10  Probe  
  53  5:11  Probe, Pylon  
  53  5:12  Stalker  
  57  5:14  Stalker  
  57  5:19  Stalker  
  59  5:36  Stalker x2  
  59  5:39  Stalker  
  65  5:46  Probe  
  65  5:47  Pylon  
  63  5:50  Stalker  
  63  5:52  Probe  
  63  5:53  Cybernetics Core  
  64  5:59  Probe  
  64  6:01  Zealot x2  
  69  6:06  Pylon  
  69  6:07  Pylon  
  65  6:14  Zealot  
  65  6:15  Zealot  
  54  6:23  Zealot x2  
  48  6:25  Probe x2  
  42  6:38  Stalker x2  
Show
View Real Time Build Order
Export as new Build Order

llllllllllll Protoss - Winner!

Build Orders: Blink Stalkers 

Get SALT Encoding   

  12  0:00  Probe  
  13  0:12  Probe  
  14  0:17  Pylon  
  14  0:24  Probe  
  15  0:35  Gateway  
  15  0:37  Probe (Chrono Boost)  
  16  0:43  Assimilator  
  16  0:49  Probe (Chrono Boost)  
  17  0:54  Probe (Chrono Boost)  
  18  1:03  Probe (Chrono Boost)  
  19  1:15  Probe (Chrono Boost), Pylon  
  20  1:22  Cybernetics Core  
  20  1:23  Probe (Chrono Boost)  
  21  1:25  Assimilator  
  23  1:33  Probe  
  24  1:45  Probe  
  23  1:57  Probe  
  23  1:58  Warp Gate, Stalker (Chrono Boost)  
  26  2:14  Nexus  
  26  2:20  Stalker (Chrono Boost)  
  28  2:23  Pylon  
  28  2:25  Probe  
  29  2:38  Probe  
  30  2:50  Gateway  
  30  2:51  Stalker  
  32  2:52  Probe  
  33  3:04  Probe  
  34  3:09  Shield Battery  
  34  3:12  Gateway  
  34  3:17  Twilight Council, Probe  
  34  3:26  Probe  
  35  3:29  Probe  
  35  3:33  Shield Battery  
  36  3:38  Probe  
  36  3:41  Probe  
  38  3:45  Blink (Chrono Boost)  
  38  3:46  Stalker  
  40  3:52  Probe  
  40  3:53  Probe  
  42  3:59  Gateway  
  42  4:06  Stalker  
  44  4:12  Stalker  
  44  4:15  Probe  
  44  4:16  Probe  
  48  4:23  Pylon  
  48  4:27  Probe  
  48  4:29  Probe  
  48  4:37  Stalker  
  48  4:38  Stalker  
  51  4:42  Probe x2  
  51  4:44  Gateway  
  53  4:53  Stalker  
  53  4:54  Probe x2  
  53  4:57  Pylon  
  57  5:05  Stalker  
  57  5:06  Stalker  
  61  5:09  Probe  
  62  5:15  Probe  
  62  5:16  Stalker  
  62  5:18  Pylon  
  65  5:27  Probe  
  66  5:31  Stalker x2  
  70  5:36  Probe  
  70  5:39  Probe, Assimilator  
  72  5:44  Gateway  
  72  5:48  Probe  
  71  5:51  Probe  
  71  5:55  Stalker x3  
  78  6:09  Pylon x2  
  76  6:20  Robotics Facility  
  72  6:27  Probe x2  
  72  6:28  Stalker x2  
  74  6:38  Pylon  
  74  6:42  Gateway  
  74  6:44  Gateway  
Tags
 
Add a new tag
Caveats
  • Supply blocks, unpowered buildings, or Contaminate may cause inaccurate times.
  • Supply counts are checked every 10 seconds.